 Dungeon Crawl Stone Soup version 0.25-a0-547-g27a0b5d1ef (webtiles) character file.

Game seed: 3697790063701919758, levelgen mode: classic

1524389 EnegeticOcto the Slayer (level 27, 220/231 HPs)
             Began as a Human Fighter on Feb 21, 2020.
             Was an Initiate of Gozag.
             Escaped with the Orb
             ... and 3 runes on Feb 22, 2020!
             The game lasted 02:00:33 (79462 turns).

EnegeticOcto the Slayer (Human Fighter)            Turns: 79462, Time: 02:00:34

Health: 220/231    AC: 27    Str: 33    XL:     27
Magic:  36/36      EV: 17    Int: 13    God:    Gozag
Gold:   4776       SH: 41    Dex: 14    Spells: 26/38 levels left

rFire    + . .     SeeInvis .   b - +10 war axe of Execution {pain, +Inv rElec Str+8}
rCold    + . .     Gourm    .   s - +18 shield of the Gong {rElec rN+ MR+ EV-5}
rNeg     + + .     Faith    .   K - +6 chain mail {rPois}
rPois    +         Spirit   +   l - +2 hat of the Bear Spirit {Spirit, +Rage rN+ MR++}
rElec    +         Reflect  +   Z - +1 cloak of Starlight {rElec rC+ EV+4 Stlth--}
rCorr    .         Harm     .   p - +2 pair of gloves
MR       +++++     Rnd*Rage +   F - +2 pair of boots
Stlth    ..........             x - brooch of Shielding {Reflect SH+8}
HPRegen  0.48/turn              c - ring of protection from fire
MPRegen  0.25/turn              V - ring of the Mage {Wiz MR++ Int+3}

@: bribing [the Dungeon, the Vaults]
A: berserk 1, clumsy 1, deformed body, screaming 1
0: Orb of Zot
}: 3/15 runes: decaying, serpentine, silver
a: Potion Petition, Call Merchant, Bribe Branch, Renounce Religion, Evoke
Berserk Rage, Evoke Invisibility


You escaped.
You worshipped Gozag.
Gozag was most pleased with you.
You were full.

You visited 9 branches of the dungeon, and saw 47 of its levels.
You visited 1 bazaar.
You also visited: Ice Cave.

You collected 29715 gold pieces.
You spent 7366 gold pieces at shops.
You paid 17573 gold pieces to Gozag.

Inventory:

Hand Weapons
 a - a +9 broad axe of freezing
 b - the +10 war axe of Execution (weapon) {pain, +Inv rElec Str+8}
   (You found it on level 1 of the Swamp)

   In the hands of one skilled in necromantic magic, it inflicts extra damage on
   living creatures.
   It affects your strength (+8).
   It insulates you from electricity.
   It lets you turn invisible.
Missiles
 m - 19 curare-tipped darts
 P - 12 silver javelins (quivered)
Armour
 l - the +2 hat of the Bear Spirit (worn) {Spirit, +Rage rN+ MR++}
   (You bought it in a shop on level 4 of the Depths)

   It protects you from negative energy.
   It affects your resistance to hostile enchantments.
   It lets you go berserk.
   If you remove this armour, your AC will decrease by 2 (27 -> 25).
 p - a +2 pair of gloves (worn)
 s - the +18 shield of the Gong (worn) {rElec rN+ MR+ EV-5}
   (You found it on level 3 of the Swamp)

   It affects your evasion (-5).
   It insulates you from electricity.
   It protects you from negative energy.
   It affects your resistance to hostile enchantments.
 F - a +2 pair of boots (worn)
 K - a +6 chain mail of poison resistance (worn)
 Z - the +1 cloak of Starlight (worn) {rElec rC+ EV+4 Stlth--}
   (You bought it in a shop on level 1 of the Snake Pit)

   It affects your evasion (+4).
   It protects you from cold.
   It insulates you from electricity.
   It makes you much less stealthy.
   If you remove this armour, your AC will decrease by 3 (27 -> 24).
Jewellery
 c - a ring of protection from fire (left hand)
 x - the brooch of Shielding (around neck) {Reflect SH+8}
   (You found it on level 3 of the Depths)

   [amulet of reflection]

   It shields you and reflects attacks.
   It affects your SH (+8).
 V - the ring of the Mage (right hand) {Wiz MR++ Int+3}
   (You took it off a yaktaur on level 5 of the Vaults)

   [ring of wizardry]

   It improves your spell success rate.
   It affects your intelligence (+3).
   It affects your resistance to hostile enchantments.
Wands
 i - a wand of digging (8)
 j - a wand of enslavement (5)
 u - a wand of paralysis (19)
 w - a wand of iceblast (40)
 G - a wand of polymorph (19)
 J - a wand of acid (26)
 M - a wand of disintegration (49)
 T - a wand of clouds (7)
Scrolls
 f - 15 scrolls of fog {!r}
 n - a scroll of magic mapping {@r5 !r}
 o - 9 scrolls of identify {@r1}
 y - 3 scrolls of vulnerability
 D - 14 scrolls of teleportation {@r3 !r}
 N - 3 scrolls of blinking {@r4}
 O - 2 scrolls of summoning
 Q - 2 scrolls of fear {!r}
 S - 10 scrolls of immolation
 U - 5 scrolls of holy word
 W - 19 scrolls of remove curse {@r2}
 X - 2 scrolls of silence
Potions
 d - 5 potions of might {@q3 !q}
 g - 12 potions of stabbing
 h - 13 potions of curing {@q1 !q}
 q - 2 potions of heal wounds {@q2 !q}
 t - a potion of resistance
 z - 5 potions of mutation
 B - 3 potions of magic
 C - a potion of haste {@q4 !q}
 E - 5 potions of ambrosia
 L - 6 potions of berserk rage
 Y - a potion of cancellation
Miscellaneous
 k - 2 phantom mirrors
 v - 3 tins of tremorstones
Comestibles
 e - 19 rations


   Skills:
 - Level 22.0 Fighting
 - Level 18.0 Axes
 - Level 11.5 Throwing
 - Level 15.0 Armour
 - Level 15.0 Dodging
 - Level 15.0 Shields
 - Level 6.0 Spellcasting
 - Level 5.0 Charms
 + Level 10.3 Necromancy
 - Level 5.0 Translocations
 - Level 5.1 Air Magic
 + Level 18.2 Evocations


You had 26 spell levels left.
You knew the following spells:

 Your Spells              Type           Power        Failure   Level  Hunger
a - Apportation           Tloc           ###...       2%          1    None
b - Swiftness             Chrm/Air       ###.....     4%          2    ##.....
c - Lesser Beckoning      Tloc           ###.......   8%          3    ###....
H - Excruciating Wounds   Chrm/Necr      ###.......   24%         5    ######.
O - Summon Butterflies    Summ           #.......     19%         1    None

Your spell library contained the following spells:

 Spells                   Type           Power        Failure   Level  Hunger
 Corpse Rot               Necr/Air       N/A          1%          2    ##.....
 Sublimation of Blood     Necr           ####......   1%          2    ##.....
 Dispel Undead            Necr           ####....     2%          4    ####...
 Blink                    Tloc           N/A          4%          2    ##.....
 Song of Slaying          Chrm           ###.....     4%          2    ##.....
 Shock                    Conj/Air       ##..         7%          1    None
 Gell's Gravitas          Tloc           ###.......   8%          3    ###....
 Agony                    Necr           ####....     9%          5    ######.
 Poisonous Vapours        Pois/Air       ##....       11%         2    ##.....
 Freeze                   Ice            #...         19%         1    None
 Magic Dart               Conj           #...         19%         1    None
 Summon Small Mammal      Summ           #...         19%         1    None
 Ozocubu's Armour         Chrm/Ice       ##......     21%         3    ###....
 Static Discharge         Conj/Air       ##......     21%         3    ###....
 Airstrike                Air            ###.......   24%         4    ####...
 Call Imp                 Summ           #.......     28%         2    ##.....
 Passwall                 Tmut/Erth      #.......     28%         2    ##.....
 Slow                     Hex            #.......     28%         2    ##.....
 Mephitic Cloud           Conj/Pois/Air  #.......     28%         3    ###....
 Call Canine Familiar     Summ           #.......     47%         3    ###....
 Confusing Touch          Hex            #.......     47%         3    ###....
 Conjure Flame            Conj/Fire      #.......     47%         3    ###....
 Frozen Ramparts          Ice            #.....       47%         3    ###....
 Summon Guardian Golem    Hex/Summ       #.......     47%         3    ###....
 Tukima's Dance           Hex            #.......     47%         3    ###....
 Summon Lightning Spire   Summ/Air       ##......     52%         4    ####...
 Hailstorm                Conj/Ice       #.......     86%         4    ####...
 Ice Form                 Ice/Tmut       #.......     86%         4    ####...
 Petrify                  Tmut/Erth      #.......     86%         4    ####...
 Summon Ice Beast         Ice/Summ       #.......     86%         4    ####...
 Lightning Bolt           Conj/Air       ##........   86%         5    ######.
 Deflect Missiles         Chrm/Air       ###.......   97%         6    #######
 Simulacrum               Ice/Necr       ###.......   97%         6    #######
 Alistair's Intoxication  Tmut/Pois      #.......     99%         5    ######.
 Metabolic Englaciation   Hex/Ice        #.........   99%         5    ######.
 Summon Mana Viper        Hex/Summ       #.......     99%         5    ######.
 Yara's Violent Unravell  Hex/Tmut       #.........   99%         5    ######.
 Freezing Cloud           Conj/Ice/Air   #.........   100%        6    #######
 Invisibility             Hex            #.......     100%        6    #######
 Ozocubu's Refrigeration  Ice            #.........   100%        6    #######
 Ring of Flames           Chrm/Fire      ##........   100%        7    #######
 Summon Hydra             Summ           #.........   100%        7    #######
 Chain Lightning          Conj/Air       ##........   100%        8    #######
 Lehudib's Crystal Spear  Conj/Erth      #.........   100%        8    #######
 Fire Storm               Conj/Fire      #.........   100%        9    #######
 Glaciate                 Conj/Ice       #.........   100%        9    #######


Dungeon Overview and Level Annotations

Branches:
Dungeon (15/15)            Temple (1/1) D:5            Lair (6/6) D:9
  Swamp (4/4) Lair:2        Snake (4/4) Lair:2        Slime (0/5) Lair:5
    Orc (2/2) D:10            Elf (0/3) Orc:2        Vaults (5/5) D:13
  Crypt (0/3) Vaults:3     Depths (5/5) D:15            Zot (5/5) Depths:5
  IceCv (visited)

Altars:
Ashenzari
Cheibriados
Dithmenos
Elyvilon
Fedhas
Gozag
Hepliaklqana
Kikubaaqudgha
Makhleb
Nemelex Xobeh
Okawaru
Qazlal
Ru
Sif Muna
Trog
Uskayaw
Vehumet
Wu Jian
Xom
Yredelemnul
Zin

Shops:
D:13 *   D:14 (   Orc:1 =   Orc:2 ?((?   Lair:2 =   Snake:1 [   Snake:2 ([[(
Vaults:3 [   Depths:1 !}==   Depths:4 [

Portals:
Hell: Depths:1 Depths:2 Depths:3 Depths:4 Depths:5
Abyss: Depths:4
Pandemonium: Depths:2 Depths:3
Ziggurat: Depths:3

Annotations:
D:10 3 runed translucent doors, DerDa's ghost, journeyman DsFE
D:11 1 runed translucent door
D:13 tamionv's ghost, journeyman GrGl
Swamp:4 Roxanne
Zot:5 exclusion: orange crystal statue


Innate Abilities, Weirdness & Mutations

You tend to lose your temper in combat.
You are clumsy. (Dex -2)
Armour fits poorly on your strangely shaped body.
You occasionally shout uncontrollably at your foes.


Message History

You hit the golden eye. You freeze the golden eye.
You block the demonic crawler's attack.
SHROANNG!
You block the demonic crawler's attack.
GONNNNG!
The demonic crawler closely misses you.
You slash the golden eye! You freeze the golden eye.
You kill the golden eye!
You slash the demonic crawler! The golden eye blinks at you.
You resist with almost no effort.
The demonic crawler hits you but does no damage.
You block the demonic crawler's attack.
BOUMMMMG!
You block the demonic crawler's attack.
PANG!
A red film seems to cover your vision as you go berserk!
You feel yourself moving faster!
You feel mighty!
You slice the demonic crawler!! You freeze the demonic crawler.
The demonic crawler is severely wounded.
You slash the golden eye! You freeze the golden eye.
You kill the golden eye!
You slice the demonic crawler!! You freeze the demonic crawler.
You kill the demonic crawler!
The golden eye blinks at you. You resist with almost no effort.
You see here 19 gold pieces.
You feel a strong urge to attack something.
The golden eye turns its gaze towards you.
The golden eye blinks at you. You resist with almost no effort.
The golden eye blinks at you. You resist with almost no effort.
There is a stone staircase leading up here.
You closely miss the golden eye. You closely miss the golden eye.
The golden eye blinks at you. You resist with almost no effort.
The golden eye turns its gaze towards you.
The golden eye blinks at you. You resist with almost no effort.
You climb upwards.
You feel a strong urge to attack something.
There is a stone staircase leading down here.
You are no longer berserk.
You are exhausted.
You feel yourself slow down.
Your magical effects are unravelling.
You feel magically purged.
You feel yourself speed up.
Unknown command.
(D) Dungeon (T) Temple (L) Lair (S) Swamp (P) Snake Pit (M) Slime Pits (O) Orcish Mines (E) Elven Halls (V) Vaults (C) Crypt (U) Depths (H) Hell (Z) Zot
Where to? (Enter - D:1 @ (x,y), ? - help)
There is an open door here.
A hellephant comes into view.
Your +9 broad axe of freezing stops glowing.
You feel stronger. A searing pain shoots up your arm!
b - the +10 war axe of Execution (weapon)
{pain, +Inv rElec Str+8}
There is an open door here.
The reaper stares, then turns away, jangling a coin purse.
A reaper comes into view. It is wielding a +4 vampiric scythe.
You see here a stone.
The hellephant blinks!
There is an open door here.
The hellephant blinks!
The hellephant blinks!
There is a stone staircase leading up here.
You completely miss the hellephant. You block the hellephant's attack.
BOUMMMMG!
You block the hellephant's attack.
BOUMMMMG!
The hellephant barely misses you.
You hit the hellephant.
The hellephant is lightly wounded.
The hellephant breathes flames at you. The blast of flame hits you!!
You resist.
You hit the hellephant but do no damage.
The hellephant is lightly wounded.
You slash the hellephant!
The hellephant is lightly wounded.
The hellephant blinks!
Your magical contamination has completely faded away.
There is a stone staircase leading up here.
You climb upwards.
There is a stone staircase leading down here.
There is an open door here.
Evoke which item? (* to show all) (? for menu, Esc to quit)
Aiming: Dig
Press: ? - help, Shift-Dir - straight line A rock wall.
This square is covered in magical glow.
The rock shatters into small pieces.
You recover from your berserk rage.
There is an open door here.
There is a staircase leading out of the dungeon here.
You have escaped!

####..............####.#.##
####.......##...###......###.#
#.......((#########.#####.#.##
#.##.#)##.#.......#.# ##.##
#.##.#.##.'.>.>.>.'.######.#
#....#.####.......#.##.....#
#.####.# #########.##.#####
#.####.####.......#.##.###
#.##.#.##.'...@...'.##.#.##
###......##(#.......#.##....##
...........'#########+.......#
###......###.........###...(##
####.#.# ##.......######..#
###.# ##.........# ##.# #.#
##...####.# #.# #.# ##.## #.#
#.# #.# #.#####.####.#


There were no monsters in sight!

Vanquished Creatures
  An ancient lich (Zot:5)
  Sojobo (Vaults:3)
  Boris (Depths:3)
  2 Killer Klowns (Zot:5)
  Bai Suzhen (Depths:2)
  Saint Roka (Depths:5)
  3 curse toes
  2 caustic shrikes (Depths:3)
  7 golden dragons
  the Enchantress (Depths:1)
  An electric golem (Zot:2)
  7 liches
  12 tentacled monstrosities
  2 titans
  2 quicksilver dragons
  6 Orb Guardians (Zot:5)
  Asterion (Depths:1)
  3 death cobs
  2 sphinxes
  An Executioner (D:15)
  Agnes (Snake:3)
  Kirke (D:12)
  9 shadow dragons
  12 storm dragons
  4 draconian monks
  5 tengu reavers
  3 thorn hunters
  Donald (Snake:3)
  10 nagarajas
  A draconian knight (Zot:1)
  9 fire giants
  6 frost giants
  A ghost moth (Zot:5)
  Aizul (Snake:1)
  3 draconian scorchers
  13 vault wardens
  An orc warlord (Vaults:2)
  4 spriggan defenders
  2 deep elf elementalists
  11 stone giants
  3 draconian stormcallers (Zot:1)
  A draconian shifter (Zot:1)
  10 ironheart preservers
  2 draconian annihilators
  A deep elf demonologist (Vaults:2)
  15 very ugly things
  2 vampire knights
  5 green draconians
  6 black draconians
  A minotaur (shapeshifter) (Vaults:4)
  3 red draconians
  6 purple draconians
  2 yellow draconians
  A dire elephant (Lair:6)
  8 spark wasps
  4 white draconians
  Snorg (Lair:6)
  9 ettins
  A quicksilver dragon zombie (Depths:4)
  Fannar (Orc:1)
  Josephine (Lair:4)
  4 green deaths
  2 deep elf high priests (Vaults:5)
  7 great orbs of eyes
  20 fire dragons
  6 rakshasas
  9 vault guards
  14 yaktaur captains
  4 spriggan air magi
  20 naga warriors
  10 ice dragons
  Erolcha (Orc:1)
  2 ghost crabs (Swamp:4)
  30 hydras
  A shambling mangrove (Swamp:4)
  A caustic shrike simulacrum (Depths:2)
  A catoblepas (Lair:6)
  11 centaur warriors
  An anaconda (shapeshifter) (Vaults:1)
  13 anacondas
  A queen ant (shapeshifter) (Vaults:3)
  34 two-headed ogres
  11 deep troll shamans
  4 death knights
  10 tengu warriors
  6 ogre magi
  3 death yaks (Lair:6)
  12 alligators
  5 deep troll earth magi
  5 spriggan berserkers
  13 naga sharpshooters
  A vampire mage (Depths:3)
  3 orc high priests (Orc:2)
  2 shock serpents (shapeshifter)
  5 deep elf knights
  9 shock serpents
  A storm dragon zombie (Depths:2)
  A fire crab (shapeshifter) (Depths:1)
  An iron troll (Depths:2)
  4 shadow wraiths
  A sixfirhy (Depths:2)
  4 hell knights (Vaults:3)
  14 skeletal warriors
  7 salamander mystics
  2 storm dragon skeletons
  5 unseen horrors
  A gelid demonspawn (Depths:3)
  2 torturous demonspawn
  A tengu zombie (Depths:4)
  A spriggan druid (Swamp:2)
  18 deep trolls
  21 ironbrand convokers
  3 glowing orange brains (Depths:3)
  12 naga ritualists
  8 wizards
  2 lindwurms
  A sphinx zombie (Vaults:5)
  11 swamp dragons
  3 flayed ghosts
  3 deep elf archers
  10 harpies
  8 necromancers
  26 orc knights
  6 phantasmal warriors
  59 ugly things
  12 orc sorcerers
  8 deep elf magi
  5 wolf spiders
  15 mana vipers
  6 cyclopes
  An iron dragon zombie (Depths:3)
  23 salamanders
  4 manticores
  13 naga magi
  3 centaur zombies
  14 moths of wrath
  33 black mambas
  13 elephants
  2 ice statues (IceCv)
  13 vault sentinels
  A frost giant skeleton (Depths:2)
  A molten gargoyle (Depths:4)
  A smoke demon (Depths:2)
  A torpor snail (Lair:3)
  An orange demon (Depths:2)
  A torpor snail (shapeshifter) (Depths:1)
  6 guardian serpents
  2 titan simulacra
  5 centaur skeletons
  3 gargoyles
  A hellion (D:10)
  A demonic crawler (D:3)
  12 freezing wraiths
  14 spiny frogs
  10 komodo dragons
  26 yaktaurs
  A kobold demonologist (D:15)
  A rime drake (shapeshifter) (Depths:4)
  An efreet (D:15)
  14 rime drakes
  2 elf zombies
  A tormentor (Depths:3)
  A red devil (Depths:2)
  9 tengu conjurers
  A troll (shapeshifter) (Vaults:4)
  15 ice devils
  8 trolls
  2 meliai (shapeshifter)
  A merfolk (Orc:2)
  A jumping spider (Vaults:5)
  2 queen bees (shapeshifter)
  9 tyrant leeches
  A hornet (shapeshifter) (Depths:2)
  9 polar bears
  A shadow dragon simulacrum (Vaults:3)
  19 hornets
  Prince Ribbit (Lair:1)
  23 slime creatures
  7 dream sheep
  A raiju (shapeshifter) (Depths:2)
  16 blink frogs
  5 bog bodies
  A hippogriff (shapeshifter) (Vaults:3)
  9 hippogriffs
  An iron dragon simulacrum (Depths:4)
  2 fire giant simulacra
  A flying skull (Vaults:3)
  14 spriggans
  3 shadows
  2 vampires
  A spriggan skeleton (Depths:3)
  2 redbacks
  4 wraiths
  10 yaks
  A water elemental (D:15)
  4 wyverns
  5 hogs
  6 basilisks
  13 steam dragons
  2 golden eyes (D:3)
  5 hungry ghosts
  A golden eye (shapeshifter) (Vaults:2)
  A chaos spawn (Depths:3)
  An elf skeleton (Vaults:5)
  18 vampire mosquitoes
  14 wargs
  22 swamp worms
  6 insubstantial wisps (Swamp:2)
  66 nagas
  14 water moccasins
  7 acid dragons
  4 hell hounds (Depths:4)
  3 floating eyes
  7 porcupines
  62 orc warriors
  5 eyes of draining
  20 swamp drakes
  2 sky beasts
  7 black bears
  3 black bears (shapeshifter)
  5 ice beasts
  An ettin simulacrum (Depths:2)
  25 ogres
  3 necrophages
  3 phantoms
  10 boggarts
  14 centaurs
  6 wolves
  A big kobold (shapeshifter) (Vaults:3)
  5 big kobolds
  20 crocodiles
  12 bullfrogs
  3 wyvern zombies
  A deep troll simulacrum (Vaults:3)
  4 scorpions
  5 wights
  5 howler monkeys
  6 electric eels
  11 crimson imps
  2 bullfrog zombies
  3 quasits
  9 hounds
  Crazy Yiuf (D:3)
  31 orc priests
  2 bullfrog skeletons (D:4)
  An iron imp (Depths:2)
  15 jellies
  Jessica (D:3)
  6 iguanas
  Terence (D:2)
  Natasha (thrice) (D:3)
  34 orc wizards
  15 worker ants
  2 hound skeletons
  Robin (D:2)
  3 gnolls
  13 adders
  5 shadow imps
  11 white imps
  7 ufetubi
  3 oozes
  2 adder zombies (D:9)
  2 adder skeletons
  A dart slug (D:1)
  4 leopard geckos
  137 orcs
  7 giant cockroaches
  23 goblins
  6 hobgoblins
  13 jackals
  26 kobolds
  5 quokkas
  2 ball pythons
  8 bats
  3 frilled lizards
  2 leopard gecko skeletons
  6 rats
  2 briar patches (Swamp:4)
  2 butterflies (D:6)
  2 fungi (Lair:6)
  7 plants
2076 creatures vanquished.

Vanquished Creatures (collateral kills)
  3 orbs of fire (Zot:5)
  A Killer Klown (Zot:5)
  A curse toe (Zot:5)
  A golden dragon (Zot:5)
  An electric golem (Zot:5)
  6 Orb Guardians (Zot:5)
  A quicksilver dragon (Vaults:5)
  2 shadow dragons (Vaults:5)
  3 storm dragons
  A frost giant (Vaults:5)
  2 tengu reavers (Vaults:5)
  An ironheart preserver (Vaults:5)
  3 very ugly things (Vaults:5)
  2 stone giants (Vaults:5)
  A green draconian (Zot:5)
  A yellow draconian (Zot:5)
  3 ettins (Vaults:5)
  A great orb of eyes (Vaults:5)
  4 vault guards (Vaults:5)
  An ice dragon (Vaults:5)
  A death knight (Vaults:5)
  4 two-headed ogres (Vaults:5)
  2 ogre magi (Vaults:5)
  A skeletal warrior (Vaults:5)
  A deep troll (shapeshifter) (Vaults:5)
  A phantasmal warrior (Vaults:5)
  3 ironbrand convokers (Vaults:5)
  A necromancer (Vaults:5)
  A deep elf mage (Vaults:5)
  An orc knight (Vaults:5)
  A moth of wrath (Zot:5)
  A fire giant skeleton (Vaults:5)
  A freezing wraith (Vaults:5)
  2 yaktaurs (Vaults:5)
  A dream sheep (Zot:5)
  A neqoxec (D:13)
  An orc warrior (Vaults:5)
  A boggart (shapeshifter) (Vaults:5)
  An orc priest (Vaults:5)
  2 orcs (Vaults:5)
67 creatures vanquished.

Vanquished Creatures (others)
  3 ancient liches (Zot:5)
  A Killer Klown (Zot:5)
  9 Orb Guardians (Zot:5)
  A quicksilver dragon (Zot:5)
  2 liches
  3 titans (Vaults:5)
  A death cob (Zot:5)
  2 storm dragons
  2 shadow dragons (Vaults:5)
  A draconian monk (Zot:5)
  2 tengu reavers (Vaults:5)
  An iron dragon (Vaults:5)
  A deep elf sorcerer (Vaults:5)
  3 fire giants (Vaults:5)
  A draconian knight (Zot:5)
  A frost giant (Vaults:5)
  A ghost moth (Zot:5)
  2 vault wardens (Vaults:5)
  A draconian annihilator (Zot:5)
  A very ugly thing (Vaults:5)
  4 ironheart preservers (Vaults:5)
  4 stone giants
  A deep elf demonologist (Vaults:5)
  An entropy weaver (Vaults:5)
  A green draconian (Zot:5)
  A black draconian (Zot:5)
  3 deep elf annihilators (Vaults:5)
  A yellow draconian (Zot:5)
  3 purple draconians (Zot:5)
  2 ettins
  A blizzard demon (IceCv)
  2 yaktaur captains
  A deep elf death mage (Vaults:5)
  17 vault guards
  A centaur warrior (Vaults:3)
  A deep elf knight (Vaults:5)
  An ironbrand convoker (Vaults:5)
  2 spriggan druids (Swamp:4)
  A deep elf archer (Vaults:2)
  A phantasmal warrior (Vaults:5)
  3 ugly things
  A vault sentinel (Vaults:5)
  A rust devil (D:5)
  A rime drake (D:12)
  A yaktaur (shapeshifter) (Vaults:5)
  8 yaktaurs
  A large abomination (D:15)
  A blink frog (Swamp:4)
  A redback (Vaults:5)
  A shadow (D:15)
  3 water elementals (D:15)
  2 wraiths (Vaults:5)
  A neqoxec (D:5)
  A swamp drake (Swamp:4)
  A human (D:9)
  2 ogres
  A human simulacrum (Vaults:2)
  A worker ant (D:13)
  2 white imps (IceCv)
  2 ufetubi (IceCv)
  2 briar patches (Swamp:2)
  5 fungi
  43 plants
173 creatures vanquished.

Grand Total: 2316 creatures vanquished

Notes
Turn   | Place    | Note
-------+----------+-------------------------------------------
     0 | D:1      | EnegeticOcto the Human Fighter began the quest for the Orb.
     0 | D:1      | Reached XP level 1. HP: 18/18 MP: 1/1
    96 | D:1      | Reached XP level 2. HP: 24/24 MP: 2/2
   426 | D:1      | Reached XP level 3. HP: 29/29 MP: 3/3
  1033 | D:2      | Noticed Terence
  1051 | D:2      | Killed Terence
  1051 | D:2      | Reached XP level 4. HP: 32/35 MP: 4/4
  1737 | D:3      | Noticed Robin
  1900 | D:2      | Killed Robin
  1900 | D:2      | Reached XP level 5. HP: 33/41 MP: 5/5
  2044 | D:3      | Noticed Jessica
  2064 | D:3      | Killed Jessica
  2437 | D:3      | Reached skill level 4 in Fighting
  2437 | D:3      | Reached skill level 1 in Evocations
  2437 | D:3      | Reached XP level 6. HP: 42/48 MP: 6/6
  2699 | D:3      | Noticed Natasha
  2712 | D:3      | Killed Natasha
  2862 | D:3      | Found a runed translucent door.
  2863 | D:3      | Noticed Crazy Yiuf
  2976 | D:4      | Reached XP level 7. HP: 41/54 MP: 8/8
  3569 | D:4      | Got a distressingly furry ring mail
  3618 | D:4      | Reached skill level 5 in Axes
  3910 | D:4      | Identified the +4 ring mail of Ethics {rElec rF- rN+
                  | Stlth+} (You found it on level 4 of the Dungeon)
  4302 | D:5      | Entered Level 5 of the Dungeon
  4427 | D:5      | Found a bloodstained altar of Trog.
  4514 | D:5      | Reached XP level 8. HP: 52/61 MP: 9/9
  4614 | D:5      | Found a staircase to the Ecumenical Temple.
  4664 | Temple   | Entered the Ecumenical Temple
  4791 | Temple   | Became a worshipper of Gozag Ym Sagoz the Greedy
  5171 | D:6      | Found a hide-covered altar of Uskayaw.
  5490 | D:6      | Reached skill level 5 in Fighting
  5490 | D:6      | Reached skill level 5 in Shields
  5917 | D:6      | Found a sacrificial altar of Ru.
  6159 | D:6      | Reached skill level 1 in Dodging
  6159 | D:6      | Reached XP level 9. HP: 57/68 MP: 10/12
  6377 | D:6      | Found a runed translucent door.
  6378 | D:6      | Found a runed translucent door.
  7145 | D:7      | Reached skill level 6 in Fighting
  7397 | D:7      | Noticed a hippogriff
  7412 | D:7      | Killed a hippogriff
  7783 | D:7      | Noticed a polar bear
  7783 | D:7      | Noticed a polar bear
  7784 | D:7      | Noticed a polar bear
  7784 | D:7      | Found a huge runed translucent gate.
  7784 | D:7      | Found a huge runed translucent gate.
  7784 | D:7      | Found a huge runed translucent gate.
  7784 | D:7      | Noticed a manticore
  7784 | D:7      | Noticed a polar bear
  7784 | D:7      | Noticed a hippogriff
  7785 | D:7      | Noticed a polar bear
  7789 | D:7      | Noticed a polar bear
  7937 | D:7      | Noticed a troll
  7949 | D:7      | Killed a troll
  7956 | D:7      | Reached XP level 10. HP: 56/76 MP: 13/13
  8137 | D:7      | Found a huge runed translucent gate.
  8951 | D:8      | Reached skill level 7 in Fighting
  9351 | D:8      | Noticed a two-headed ogre
  9358 | D:8      | Killed a two-headed ogre
 10285 | D:9      | Found a shimmering blue altar of Sif Muna.
 10285 | D:9      | Found a shattered altar of Ashenzari.
 10286 | D:9      | Found an ancient bone altar of Kikubaaqudgha.
 10286 | D:9      | Found a white marble altar of Elyvilon.
 10286 | D:9      | Found an iron altar of Okawaru.
 10286 | D:9      | Found a blossoming altar of Fedhas.
 10288 | D:9      | Found a sacrificial altar of Ru.
 10384 | D:9      | Reached skill level 10 in Axes
 10642 | D:9      | Found the +4 skin of Zhor {Englaciate rC+++ SInv}
 10744 | D:9      | Reached XP level 11. HP: 75/84 MP: 14/14
 10777 | D:9      | Reached skill level 8 in Fighting
 11052 | D:9      | Found a staircase to the Lair.
 11522 | D:9      | Found an ancient bone altar of Kikubaaqudgha.
 11705 | D:10     | Entered Level 10 of the Dungeon
 12204 | D:10     | Noticed an unseen horror
 12225 | D:10     | Killed an unseen horror
 12261 | D:10     | Found a runed translucent gate.
 12264 | D:10     | Found a runed translucent gate.
 12264 | D:10     | Found a runed translucent gate.
 12264 | D:10     | Noticed an 11-headed hydra
 12264 | D:10     | Noticed a nine-headed hydra
 12264 | D:10     | Noticed DerDa's ghost (journeyman DsFE)
 12335 | D:10     | Upgraded the game from 0.25-a0-545-ge4db218afc to
                  | 0.25-a0-547-g27a0b5d1ef
 13188 | D:10     | Noticed an orc knight
 13212 | D:10     | Killed an orc knight
 13338 | D:10     | Found a staircase to the Orcish Mines.
 13607 | D:11     | Reached XP level 12. HP: 89/93 MP: 15/15
 13667 | D:11     | Noticed a centaur warrior
 13678 | D:11     | Reached skill level 5 in Armour
 13678 | D:11     | Reached skill level 5 in Dodging
 13679 | D:11     | Noticed a skeletal warrior
 13684 | D:11     | Noticed a skeletal warrior
 13685 | D:11     | Reached skill level 9 in Fighting
 13685 | D:11     | Noticed a skeletal warrior
 13685 | D:11     | Noticed a two-headed ogre
 13686 | D:11     | Noticed a skeletal warrior
 13693 | D:11     | Killed a centaur warrior
 13699 | D:11     | Killed a skeletal warrior
 13711 | D:11     | Killed a skeletal warrior
 13714 | D:11     | Killed a two-headed ogre
 13720 | D:11     | Killed a skeletal warrior
 13982 | D:11     | Killed a skeletal warrior
 14451 | D:11     | Noticed a two-headed ogre
 14466 | D:11     | Killed a two-headed ogre
 14778 | D:11     | Found a runed translucent door.
 14786 | D:11     | Noticed a centaur warrior
 14787 | D:11     | Noticed a fire giant
 15569 | Lair:1   | Entered Level 1 of the Lair of Beasts
 15779 | Lair:1   | Noticed Prince Ribbit
 15813 | Lair:1   | Noticed a four-headed hydra
 15814 | Lair:1   | Reached XP level 13. HP: 61/102 MP: 16/16
 16087 | Lair:1   | Killed Prince Ribbit
 16132 | Lair:1   | Killed a four-headed hydra
 16218 | Lair:1   | Reached skill level 10 in Shields
 16781 | Lair:2   | Reached skill level 10 in Fighting
 16899 | Lair:2   | Found a staircase to the Snake Pit.
 17681 | Lair:2   | Found a staircase to the Swamp.
 21051 | Lair:4   | Reached XP level 14. HP: 77/111 MP: 17/17
 21293 | Lair:4   | Noticed Josephine
 21306 | Lair:4   | Killed Josephine
 21770 | Lair:5   | Found a staircase to the Slime Pits.
 22861 | Lair:6   | Entered Level 6 of the Lair of Beasts
 23662 | D:12     | Noticed Kirke
 23844 | Lair:2   | Bought an uncursed ring of protection from magic for 400
                  | gold pieces
 24012 | Orc:1    | Entered Level 1 of the Orcish Mines
 24016 | Orc:1    | Found Jusaex's Jewellery Shop.
 24021 | Orc:1    | Noticed Fannar
 24056 | Orc:1    | Killed Fannar
 24162 | Orc:1    | Reached skill level 11 in Fighting
 24228 | Orc:2    | Entered Level 2 of the Orcish Mines
 24353 | Orc:2    | Found a staircase to the Elven Halls.
 24863 | Orc:1    | Noticed Erolcha
 24882 | Orc:1    | Killed Erolcha
 25648 | Orc:2    | Reached skill level 15 in Axes
 26914 | Orc:2    | Reached XP level 15. HP: 116/119 MP: 18/18
 27003 | Orc:2    | Found Xivaenat's Magic Scroll Boutique.
 27003 | Orc:2    | Found Paeles's Magic Scroll Boutique.
 27005 | Orc:2    | Found Yteevio's Weapon Emporium.
 27010 | Orc:2    | Found Ucofef's Antique Weapon Emporium.
 27014 | Orc:2    | Bought an ichor-stained broad axe for 279 gold pieces
 27014 | Orc:2    | Identified the +3 broad axe of Context {protect, Dex+3}
                  | (You bought it in a shop on level 2 of the Orcish Mines)
 27026 | Orc:2    | Bought a scroll of summoning for 104 gold pieces
 27026 | Orc:2    | Bought a scroll of teleportation for 33 gold pieces
 27026 | Orc:2    | Bought a scroll of teleportation for 33 gold pieces
 27075 | Orc:2    | Bought a scroll of teleportation for 48 gold pieces
 27075 | Orc:2    | Bought a scroll of blinking for 120 gold pieces
 27075 | Orc:2    | Bought a scroll of teleportation for 48 gold pieces
 27075 | Orc:2    | Bought a scroll of fear for 56 gold pieces
 27075 | Orc:2    | Bought a scroll of teleportation for 48 gold pieces
 27075 | Orc:2    | Bought a scroll of identify for 32 gold pieces
 27088 | Orc:2    | Bought a scroll of identify for 22 gold pieces
 27088 | Orc:2    | Bought a scroll of identify for 22 gold pieces
 27088 | Orc:2    | Bought a scroll of silence for 82 gold pieces
 27410 | D:12     | Killed Kirke
 27765 | D:12     | Noticed a frost giant
 27788 | D:12     | Killed a frost giant
 27984 | D:12     | Reached skill level 12 in Fighting
 28808 | D:13     | Got a fine mace
 28954 | D:13     | Found Pitsyon's Assorted Antiques.
 28962 | D:13     | Bought a runed broad axe for 147 gold pieces
 29666 | D:13     | Found a gate to the Vaults.
 30355 | Orc:2    | Bought a scroll of enchant weapon for 82 gold pieces
 30573 | D:14     | Found Putzot's Weapon Emporium.
 32011 | D:14     | Reached XP level 16. HP: 95/129 MP: 19/19
 32438 | D:14     | Found a runed translucent gate.
 32438 | D:14     | Found a runed translucent gate.
 32438 | D:14     | Found a runed translucent gate.
 32543 | D:14     | Noticed tamionv's ghost (journeyman GrGl)
 33247 | D:15     | Entered Level 15 of the Dungeon
 34244 | D:15     | Reached skill level 13 in Fighting
 35947 | D:3      | Noticed Natasha
 35951 | D:3      | Killed Natasha
 35986 | D:3      | Killed Crazy Yiuf
 36026 | D:3      | Noticed Natasha
 36036 | D:3      | Killed Natasha
 36797 | Swamp:1  | Entered Level 1 of the Swamp
 37040 | Swamp:1  | Got a jewelled war axe
 37045 | Swamp:1  | Identified the +10 war axe of Execution {pain, +Inv rElec
                  | Str+8} (You found it on level 1 of the Swamp)
 38064 | Swamp:2  | Noticed a thorn hunter
 38078 | Swamp:2  | Killed a thorn hunter
 38344 | Swamp:2  | Reached XP level 17. HP: 124/136 MP: 20/20
 39892 | Swamp:2  | Reached skill level 15 in Shields
 40999 | Swamp:3  | Found the +18 shield of the Gong {rElec rN+ MR+ EV-5}
 41257 | Swamp:3  | Noticed a thorn hunter
 41266 | Swamp:3  | Killed a thorn hunter
 41375 | Swamp:4  | Entered Level 4 of the Swamp
 41387 | Swamp:4  | Reached skill level 5 in Evocations
 41485 | Swamp:4  | Identified the +8 mace "Ceiridd" {vorpal, rPois rC+ Dex+5}
                  | (You found it on level 13 of the Dungeon)
 41756 | Swamp:4  | Noticed a tentacled monstrosity
 41771 | Swamp:4  | Killed a tentacled monstrosity
 41775 | Swamp:4  | Noticed a thorn hunter
 41793 | Swamp:4  | Killed a thorn hunter
 42401 | Swamp:4  | Reached XP level 18. HP: 112/145 MP: 23/23
 42432 | Swamp:4  | Reached skill level 14 in Fighting
 42540 | Swamp:4  | Reached skill level 10 in Armour
 42867 | Swamp:4  | Got a decaying rune of Zot
 42902 | Swamp:4  | Got a dazzling battleaxe
 43209 | Swamp:4  | Identified Roxanne's Volume of Transmutation
 43209 | Swamp:4  | Noticed Roxanne
 44685 | Lair:6   | Identified the +8 battleaxe of Unnebol {vorpal, rF+ rC- rN+
                  | Str+5} (You found it on level 4 of the Swamp)
 44833 | Lair:6   | Noticed Snorg
 44855 | Lair:6   | Killed Snorg
 46120 | Snake:1  | Entered Level 1 of the Snake Pit
 46142 | Snake:1  | Noticed Aizul
 46163 | Snake:1  | Killed Aizul
 46708 | Snake:1  | Found Kuqiek's Antique Armour Emporium.
 46774 | Snake:1  | Reached skill level 15 in Fighting
 46990 | Snake:1  | Bought the +1 cloak of Starlight {rElec rC+ EV+4 Stlth--}
                  | for 1424 gold pieces
 46990 | Snake:1  | Found the +1 cloak of Starlight {rElec rC+ EV+4 Stlth--}
 46990 | Snake:1  | Bought a pair of smoking gloves for 304 gold pieces
 46990 | Snake:1  | Identified the cursed -5 pair of gloves of Gluttony {rF+
                  | rC+ Dex+4} (You bought it in a shop on level 1 of the Snake
                  | Pit)
 47537 | Snake:2  | Reached XP level 19. HP: 144/155 MP: 26/26
 47909 | Snake:2  | Found Vasu's Antique Armour Emporium.
 47909 | Snake:2  | Found Joryt's Antique Weapon Emporium.
 47915 | Snake:2  | Found Bubud's Antique Armour Emporium.
 47920 | Snake:2  | Found Lerhotog's Weapon Emporium.
 47935 | Snake:2  | Bought a glowing broad axe for 266 gold pieces
 47944 | Snake:2  | Learned a level 5 spell: Excruciating Wounds
 47993 | Snake:2  | Reached skill level 10 in Evocations
 49133 | Snake:3  | Noticed Donald
 49144 | Snake:3  | Killed Donald
 49330 | Snake:3  | Noticed Agnes
 49349 | Snake:3  | Killed Agnes
 49372 | Snake:3  | Reached skill level 16 in Fighting
 49725 | Snake:3  | Found a frozen archway.
 49734 | IceCv    | Entered an ice cave
 50403 | Snake:4  | Entered Level 4 of the Snake Pit
 50813 | Snake:4  | Reached skill level 17 in Fighting
 50813 | Snake:4  | Reached XP level 20. HP: 159/168 MP: 27/27
 51880 | Snake:3  | Reached skill level 18 in Fighting
 53552 | Snake:4  | Got a serpentine rune of Zot
 54032 | Orc:1    | Bought an uncursed ring of protection from fire for 375
                  | gold pieces
 54192 | Vaults:1 | Entered Level 1 of the Vaults
 55628 | Vaults:1 | Reached XP level 21. HP: 165/177 MP: 29/29
 56139 | Vaults:1 | Learned a level 1 spell: Apportation
 56141 | Vaults:1 | Learned a level 1 spell: Summon Butterflies
 56144 | Vaults:1 | Learned a level 2 spell: Swiftness
 56148 | Vaults:1 | Learned a level 3 spell: Lesser Beckoning
 56199 | Vaults:2 | Reached skill level 10 in Dodging
 56318 | Vaults:2 | Identified the +5 ring mail of Marbles {rC++ MR-}
 56373 | Vaults:2 | Reached skill level 1 in Spellcasting
 58041 | Vaults:2 | Found a gateway to a bazaar.
 58053 | Bazaar   | Entered a bazaar
 58053 | Bazaar   | Found Vaxkedusk's Gadget Boutique.
 58053 | Bazaar   | Found Aqedghio's Antique Weapon Boutique.
 58082 | Bazaar   | Found Ycieb's Antique Armour Shop.
 58090 | Bazaar   | Found Juizisha's General Store.
 58098 | Bazaar   | Bought a potion of curing for 24 gold pieces
 58098 | Bazaar   | Bought a potion of might for 32 gold pieces
 58098 | Bazaar   | Bought a scroll of holy word for 60 gold pieces
 58098 | Bazaar   | Bought a ration for 40 gold pieces
 58101 | Bazaar   | Found Bovenid's Magic Scroll Emporium.
 58109 | Bazaar   | Bought a scroll of immolation for 45 gold pieces
 58109 | Bazaar   | Bought a scroll of teleportation for 39 gold pieces
 58120 | Bazaar   | Bought a box of beasts for 180 gold pieces
 58120 | Bazaar   | Bought a wand of acid (10) for 252 gold pieces
 58211 | Vaults:2 | Identified the +1 robe "Utai" {rC+ MR+}
 58518 | Vaults:3 | Noticed Sojobo
 58572 | Vaults:3 | Killed Sojobo
 58572 | Vaults:3 | Reached skill level 5 in Spellcasting
 58591 | Vaults:3 | Reached skill level 15 in Armour
 58832 | Vaults:3 | Reached XP level 22. HP: 183/184 MP: 31/31
 59519 | Vaults:3 | Found a staircase to the Crypt.
 59560 | Vaults:3 | Found Dekhypluts's Antique Armour Emporium.
 60603 | Vaults:4 | Reached skill level 15 in Evocations
 61730 | Vaults:5 | Entered Level 5 of the Vaults
 61730 | Vaults:5 | Noticed a golden dragon
 61737 | Vaults:5 | Reached skill level 1 in Charms
 61737 | Vaults:5 | Reached skill level 1 in Translocations
 61737 | Vaults:5 | Reached skill level 1 in Air Magic
 61764 | Vaults:5 | Killed a golden dragon
 61764 | Vaults:5 | Reached XP level 23. HP: 131/190 MP: 35/35
 62495 | Vaults:5 | Reached skill level 5 in Translocations
 62500 | Vaults:5 | Reached skill level 5 in Charms
 62500 | Vaults:5 | Reached skill level 5 in Air Magic
 62926 | Vaults:4 | Bought a ration for 65 gold pieces
 62926 | Vaults:4 | Bought a ration for 65 gold pieces
 62926 | Vaults:4 | Bought a ration for 65 gold pieces
 62926 | Vaults:4 | Bought a ration for 65 gold pieces
 62926 | Vaults:4 | Bought a ration for 65 gold pieces
 62926 | Vaults:4 | Bought a ration for 65 gold pieces
 62926 | Vaults:4 | Bought a ration for 65 gold pieces
 62926 | Vaults:4 | Bought a ration for 65 gold pieces
 62926 | Vaults:4 | Bought a ration for 65 gold pieces
 62926 | Vaults:4 | Bought a ration for 65 gold pieces
 63136 | Vaults:5 | Identified the +2 leather armour "Fuomusonoc" {rCorr}
 63571 | Vaults:5 | Identified the Incunabulum of Helpful Changing
 63822 | Vaults:5 | Got a silver rune of Zot
 63866 | Vaults:5 | Found the amulet of the Four Winds {rN+ MR+++ Clar}
 64609 | D:15     | Found a staircase to the Depths.
 65006 | Depths:1 | Entered Level 1 of the Depths
 65021 | Depths:1 | Reached skill level 1 in Throwing
 65055 | Depths:1 | Noticed the Enchantress
 65069 | Depths:1 | Killed the Enchantress
 65217 | Depths:1 | Noticed Asterion
 65236 | Depths:1 | Killed Asterion
 65521 | Depths:1 | Reached XP level 24. HP: 149/199 MP: 35/35
 65783 | Depths:1 | Reached skill level 5 in Throwing
 66000 | Depths:1 | Found Avoemukk's Distillery.
 66008 | Depths:1 | Bought a potion of haste for 170 gold pieces
 66175 | Depths:1 | Found Qatexoud's Gadget Emporium.
 66175 | Depths:1 | Found Ageose's Jewellery Boutique.
 66178 | Depths:1 | Found Ahuschor's Jewellery Boutique.
 66185 | Depths:1 | Bought a wand of digging (5) for 234 gold pieces
 66185 | Depths:1 | Bought a box of beasts for 260 gold pieces
 66185 | Depths:1 | Bought a wand of acid (9) for 338 gold pieces
 66212 | Depths:1 | Found a gateway to Hell.
 66518 | Depths:2 | Noticed Bai Suzhen
 66553 | Depths:2 | Killed Bai Suzhen
 66555 | Depths:2 | Reached skill level 19 in Fighting
 67169 | Depths:2 | Found a magical portal.
 67890 | Depths:2 | You fall into a shaft and drop 1 floor!
 68314 | Depths:2 | Found a one-way gate leading to the halls of Pandemonium.
 68733 | Depths:3 | Noticed a caustic shrike
 68739 | Depths:3 | Killed a caustic shrike
 68739 | Depths:3 | Reached XP level 25. HP: 208/208 MP: 35/35
 68838 | Depths:3 | Found a gateway to a ziggurat.
 68850 | Depths:3 | Identified the ring "Fecexkas" {Fire rN+ Str-4 Dex+4 SInv}
 68856 | Depths:3 | Noticed a caustic shrike
 68874 | Depths:3 | Killed a caustic shrike
 69605 | Depths:3 | Identified the +4 great sword of Summer {drain, rC+} (You
                  | found it on level 3 of the Depths)
 69833 | Depths:3 | Found the brooch of Shielding {Reflect SH+8}
 70440 | Depths:4 | Found a one-way gate to the infinite horrors of the Abyss.
 70646 | Depths:4 | Reached skill level 20 in Fighting
 70760 | Depths:3 | Reached skill level 10 in Throwing
 70939 | Depths:4 | Noticed Boris
 71088 | Depths:3 | Killed Boris
 72625 | Depths:4 | Found Noot's Antique Armour Shop.
 72628 | Depths:4 | Bought a pair of scorched gloves for 218 gold pieces
 72628 | Depths:4 | Bought the +2 hat of the Bear Spirit {Spirit, +Rage rN+
                  | MR++} for 899 gold pieces
 72628 | Depths:4 | Found the +2 hat of the Bear Spirit {Spirit, +Rage rN+
                  | MR++}
 72628 | Depths:4 | Identified the cursed -6 pair of gloves "Ykhle" {rElec rC+
                  | Str+4 Dex-2} (You bought it in a shop on level 4 of the
                  | Depths)
 72826 | Depths:5 | Entered Level 5 of the Depths
 73081 | Depths:5 | Reached XP level 26. HP: 192/219 MP: 32/35
 73264 | Depths:5 | Reached skill level 15 in Dodging
 73273 | Depths:5 | Noticed Saint Roka
 73293 | Depths:5 | Killed Saint Roka
 73302 | Depths:5 | Identified the +8 short sword of the Real Monster {distort,
                  | rElec Int+2}
 73474 | Depths:5 | Found a gate to the Realm of Zot.
 73929 | Zot:1    | Entered Level 1 of the Realm of Zot
 73929 | Zot:1    | Noticed a curse toe
 73944 | Zot:1    | Killed a curse toe
 73958 | Zot:1    | Reached skill level 21 in Fighting
 75181 | Zot:1    | Reached skill level 22 in Fighting
 75185 | Zot:1    | Reached skill level 1 in Necromancy
 75560 | Zot:2    | Noticed a curse toe
 76042 | Zot:2    | Killed a curse toe
 76380 | Zot:2    | Reached XP level 27. HP: 177/231 MP: 30/35
 76391 | Zot:2    | Reached skill level 5 in Necromancy
 77766 | Zot:5    | Entered Level 5 of the Realm of Zot
 78143 | Zot:5    | Identified a scroll of acquirement
 78152 | Zot:5    | Identified the +4 executioner's axe "Lapuku" {freeze,
                  | Int+3} (You acquired it on level 5 of the Realm of Zot)
 78312 | Zot:5    | Noticed an orb of fire
 78316 | Zot:5    | Noticed an orb of fire
 78318 | Zot:5    | Noticed a Killer Klown
 78319 | Zot:5    | Noticed an orb of fire
 78327 | Zot:5    | Noticed a Killer Klown
 78344 | Zot:5    | Killed an ancient lich
 78344 | Zot:5    | Gained mutation: Armour fits poorly on your strangely
                  | shaped body. [an orb of fire]
 78359 | Zot:5    | Gained mutation: You tend to lose your temper in combat.
                  | [an orb of fire]
 78376 | Zot:5    | Gained mutation: You are clumsy. (Dex -2) [an orb of fire]
 78378 | Zot:5    | Gained mutation: You occasionally shout uncontrollably at
                  | your foes. [an orb of fire]
 78386 | Zot:5    | Killed an orb of fire
 78387 | Zot:5    | Killed an orb of fire
 78394 | Zot:5    | Killed an orb of fire
 78397 | Zot:5    | Killed a Killer Klown
 78399 | Zot:5    | Killed a Killer Klown
 78465 | Zot:5    | Noticed a Killer Klown
 78469 | Zot:5    | Killed an ancient lich
 78581 | Zot:5    | Killed an ancient lich
 78623 | Zot:5    | Killed an ancient lich
 78667 | Zot:5    | Reached skill level 10 in Necromancy
 78678 | Zot:5    | Noticed a Killer Klown
 78686 | Zot:5    | Noticed an orb of fire
 78691 | Zot:5    | Got the Orb of Zot
 78694 | Zot:5    | Noticed a Killer Klown
 78696 | Zot:5    | Noticed an ancient lich
 78731 | Zot:5    | Noticed Zaexiy the pandemonium lord
 78738 | Zot:5    | Killed a Killer Klown
 79112 | D:14     | Noticed Jiozaadu the pandemonium lord
 79112 | D:14     | Noticed an ancient lich
 79315 | D:6      | Noticed Pevic the pandemonium lord
 79315 | D:6      | Noticed an ancient lich
 79333 | D:5      | Noticed Kekh the pandemonium lord
 79462 | D:$      | Escaped with the Orb!

Levels and vault maps discovered:
D:1:      minmay_arrival_up_and_down, layout_loops_corners
D:2:      layout_basic, uniq_terence
D:3:      layout_rooms, minmay_misc_feat_encased, chequers_garden,
          kennysheep_jessica_study, uniq_natasha, uniq_jessica,
          uniq_crazy_yiuf_cottage, uniq_robin
D:4:      layout_basic, grunt_decor_mini_mirrors, kennysheep_generic_room_4
D:5:      layout_loops_ring, lemuel_coloured_pillars_altar,
          minmay_temple_entry_mini_moons, first_ration
D:6:      lemuel_insect_pit, layout_loops_cross, eat_drink_and_be_merry_uskayaw,
          basic_altar, serial_glass, glass_columns_b, glass_columns_a
D:7:      lemuel_bear_cage, layout_basic, serial_rivers,
          chequers_serial_rivers_marsh, chequers_serial_rivers_small_a,
          chequers_serial_rivers_micro_e, chequers_serial_rivers_small_b,
          chequers_serial_rivers_micro_d
D:8:      layout_gridville
D:9:      layout_loops_corners, grunt_temple_overflow_open,
          erik_lair_orcish_takeover, the_bakery, tgw_kikubaaqudgha
D:10:     layout_long_grid, erik_orc_2, gammafunk_ghost_hydra_chop
D:11:     layout_cave_pods, wad_hexagon
D:12:     minmay_coctagon, layout_gridville, uniq_kirke
D:13:     layout_irregular_city, david_vaults_1, serial_shops,
          nicolae_shop_overgrown_old_shop, minmay_fractal_squares_gapless_5
D:14:     hourglass_vault, layout_basic, chequers_serial_rivers_marsh,
          serial_shops, shop, gammafunk_ghost_hydra_chop,
          minmay_unpleasant_kobolds
D:15:     grunt_enter_depths_hoard, layout_cave_pods, chequers_big_river
Temple:   cyrus_circular_temple
Lair:1:   layout_loops_ring, st_stairs_12, guppyfry_lair_drakes,
          uniq_prince_ribbit2
Lair:2:   cheibrodos_lair_overgrown_chateau, layout_big_grid, swamp_mist,
          minmay_snake_entry_guardpost_small, nicolae_quartered_pool_little,
          grunt_megastairs_4, serial_bayou_shore_a, serial_bayou_shore_b
Lair:3:   layout_layer_cave, grunt_megastairs_2
Lair:4:   layout_roguey, bobbens_dragon_lair_wall, infiniplex_staircase_pool,
          uniq_josephine
Lair:5:   layout_regular_city, minmay_slime_entry_jelly_boxes,
          hibernation_bobbens
Lair:6:   hangedman_lair_in_review, layout_loops_ring, guppyfry_lair_end_dragon,
          uniq_snorg
Swamp:1:  layout_basic_swamp, evilmike_swamp_ruin_rubble_2, swamp_pool1,
          statue_in_the_mist_lemuel, st_swamp_ruins_3
Swamp:2:  layout_falls_marsh, hangedman_swamp_ruin_hall
Swamp:3:  layout_falls_marsh, evilmike_swamp_ruin_rubble_1, swamp_pool3
Swamp:4:  swamp_basic_johnstein, layout_basic_swamp, uniq_roxanne
Snake:1:  layout_misc_corridors, serial_shops, shop, uniq_aizul
Snake:2:  cheibrodos_snake_lava_hold, layout_cave_town, minmay_shop_grid_forest
Snake:3:  layout_misc_corridors, portal_ice_cave_entry_frozen_things,
          uniq_agnes, uniq_donald
Snake:4:  johnstein_snake_rune_scales, layout_cave_town, serial_bayou_shore_b
Orc:1:    layout_caves, serial_shops, shop, uniq_fannar, uniq_erolcha
Orc:2:    st_orc_elflike, layout_diamond_mine
Vaults:1: ontoclasm_vaults_shout, v_rooms_5, ontoclasm_vaults_shuriken,
          nicolae_vaults_what_the_h, layout_vaults_omnigrid
Vaults:2: vaults_room_door_ring, nicolae_vaults_twisting_passages,
          ontoclasm_vaults_loading_screen, grunt_vaults_funnel,
          nicolae_vaults_c_with_doors, nicolae_vaults_little_squares_2,
          vaults_mumra_hexcomb, nicolae_vaults_network_quinsquares
          [nicolae_vaults_network_quincunx_subvault,
          nicolae_vaults_network_quincunx_subvault,
          nicolae_vaults_network_quincunx_subvault,
          nicolae_vaults_network_quincunx_subvault], vaults_room_grid,
          ontoclasm_vaults_spin, nicolae_vaults_little_squares_6,
          vaults_room_ringed_pool, hangedman_vaults_slice,
          vaults_room_stairs_pillars, layout_vaults_big_room, serial_shops,
          bzr_firewalk
Vaults:3: hangedman_vaults_pinch, v_pattern_2, minmay_crypt_entry_simple_walls,
          grunt_vaults_twisty, hangedman_vaults_stagger,
          nicolae_vaults_little_squares_4, v_alt_pattern_4, vaults_mumra_hex,
          nicolae_vaults_yaktaur_gun_rack, st_squares,
          nicolae_vaults_little_squares_1, serial_ice_g, grunt_vaults_bifocal,
          vaults_dpeg_encased_lava, nicolae_vaults_theta, nicolae_vaults_theta,
          layout_vaults_ring, serial_shops, shop_fountains, uniq_sojobo
Vaults:4: nicolae_vaults_network_periphery, vaults_room_large_hall,
          ontoclasm_vaults_eye, v_misc_5, nicolae_vaults_little_ls,
          nicolae_vaults_network_quincunx
          [nicolae_vaults_network_quincunx_subvault,
          nicolae_vaults_network_quincunx_subvault,
          nicolae_vaults_network_quincunx_subvault,
          nicolae_vaults_network_quincunx_subvault,
          nicolae_vaults_network_quincunx_subvault],
          ontoclasm_vaults_ring_large, v_misc_19,
          nicolae_vaults_little_squares_4, ontoclasm_vaults_misaligned,
          v_alt_pattern_2, dpeg_vaults_monster_row, layout_vaults_omnibox
Vaults:5
Depths:1: layout_gridlike, minmay_misc_feat_room, pf_dread_powers_of_hell,
          corexii_corridor_pit, kennysheep_windowed_goal, grunt_megastairs_1,
          firewood_loft, minmay_shop_grove, uniq_enchantress, uniq_asterion
Depths:2: minmay_quarter_circles, layout_basic, grunt_pan_entry_sceptre,
          lightli_enter_wizlab_magi_temple, hell_entry,
          infiniplex_staircase_pillars_1, uniq_bai_suzhen
Depths:3: minmay_tri_box, layout_honeycomb, enter_ziggurat_f,
          rand_demon_pan_entry_7, hangedman_decor_lopped, hell_entry
Depths:4: cheibrodos_poisonous_passages, layout_cave_pools, serial_shops,
          kennysheep_mini, abyss_entry, minmay_holes, hell_entry,
          minmay_staircase_windowed_large, uniq_boris
Depths:5: evilmike_zot_entry_diamond, layout_gridville,
          serial_sigils_hangedman_shear, hell_entry,
          ebering_dispersal_statue_hall, uniq_saint_roka
Zot:1:    layout_misc_corridors, st_stairs_6
Zot:2:    layout_misc_corridors
Zot:3:    layout_onion_interference
Zot:4:    layout_gridlike
Zot:5:    layout_basic

Skill      XL: |  1  2  3  4  5  6  7  8  9 10 11 12 13 14 15 16 17 18 19 20 21 22 23 24 25 26 27 |
---------------+----------------------------------------------------------------------------------+-----
Axes           | 3 4 5 6 8 10 11 12 13 15 16 18 | 18.0
Fighting       | 4 5 6 7 8 9 10 11 12 13 15 17 18 19 20 22 | 22.0
Shields        | 4 5 6 7 8 9 10 11 12 14 15 | 15.0
Evocations     | 1 2 4 6 9 10 11 12 16 18 | 18.2
Dodging        | 1 3 4 6 7 8 9 10 11 13 14 15 | 15.0
Armour         | 4 6 7 8 9 11 13 15 | 15.0
Spellcasting   | 5 6 |  6.0
Charms         | 2 5 |  5.0
Translocations | 2 5 |  5.0
Air Magic      | 2 5 |  5.1
Throwing       | 4 8 11 | 11.5
Necromancy     | 4 10 | 10.3

Action                   |  1- 3 |  4- 6 |  7- 9 | 10-12 | 13-15 | 16-18 | 19-21 | 22-24 | 25-27 || total
-------------------------+-------+-------+-------+-------+-------+-------+-------+-------+-------++-------
Melee: War axe           |    64 |   170 |       |       |   178 |    25 |     5 |       |   128 ||   570
       Hand axe          |       |     6 |   494 |   918 |   734 |       |       |       |       ||  2152
       Broad axe         |       |       |       |       |   403 |  1427 |  1744 |  1379 |  1024 ||  5977
Throw: Javelin           |       |       |       |       |    14 |     1 |     1 |       |     9 ||    25
       Throwing net      |       |       |       |       |     2 |       |       |       |       ||     2
 Cast: Apportation       |       |       |       |       |       |       |       |       |     1 ||     1
Invok: Potion Petition   |       |       |       |     1 |       |       |       |     2 |     1 ||     4
       Call Merchant     |       |       |       |       |     1 |       |       |     1 |       ||     2
       Bribe Branch      |       |       |       |       |       |       |       |     2 |     3 ||     5
 Abil: Evoke Invisibilit |       |       |       |       |       |     1 |     1 |       |     9 ||    11
Evoke: Wand              |       |       |    10 |    10 |    31 |     8 |    11 |    10 |    49 ||   129
       Tin of tremorston |       |       |       |       |       |       |       |       |     4 ||     4
       Box of beasts     |       |       |       |       |       |       |       |       |    10 ||    10
  Use: Scroll            |       |     7 |     7 |     9 |    11 |    14 |     3 |    14 |    20 ||    85
       Potion            |       |       |       |       |     3 |     6 |     6 |     1 |    30 ||    46
 Stab: Paralysed         |       |       |    38 |       |       |       |       |     2 |    13 ||    53
       Distracted        |       |       |       |     3 |    11 |     8 |    18 |    24 |    21 ||    85
       Sleeping          |       |       |       |    17 |     3 |    10 |    15 |     4 |       ||    49
       Invisible         |       |       |       |     3 |       |    13 |     2 |       |    26 ||    44
       Confused          |       |       |       |       |       |     2 |       |       |       ||     2
       Petrified         |       |       |       |       |       |     5 |       |       |       ||     5
       Fleeing           |       |       |       |       |       |       |       |       |     2 ||     2
  Eat: Chunk             |       |     7 |     6 |       |       |       |       |       |       ||    13
       Ration            |       |       |     6 |     9 |    15 |    15 |    12 |     9 |    13 ||    79
Armor: Scale mail        |    29 |    86 |    49 |       |       |       |       |       |       ||   164
       Plate armour      |       |       |   108 |       |       |    52 |       |       |       ||   160
       Chain mail        |       |       |    27 |    85 |       |   207 |   152 |   259 |   233 ||   963
       Animal skin       |       |       |       |    69 |   144 |    65 |     6 |       |       ||   284
       Skin              |       |       |       |       |       |       |       |       |     6 ||     6
Dodge: Dodged            |    13 |    57 |    95 |   232 |   431 |   391 |   240 |   242 |   331 ||  2032
Block: Kite shield       |    40 |   121 |   192 |   301 |   473 |  1120 |  1631 |  1392 |  1508 ||  6778
       Reflection        |       |       |       |       |       |       |       |       |    77 ||    77

Table legend:
 A = Non-vault XP
 B = Vault XP
 C = Vault XP percentage of total XP
 D = Non-vault monster count
 E = Vault monster count
 F = Vault count percentage of total count
                 A         B        C        D         E       F
            +---------+---------+-------+---------+---------+-------
      Total |  692627 |  485870 |  41.2 |    1416 |     739 |  34.3
            +---------+---------+-------+---------+---------+-------
        D:1 |      38 |       0 |   0.0 |      18 |       0 |   0.0
        D:2 |      34 |      62 |  64.6 |      13 |       8 |  38.1
        D:3 |     202 |     124 |  38.0 |      30 |       9 |  23.1
        D:4 |     464 |       0 |   0.0 |      19 |       0 |   0.0
        D:5 |     320 |       0 |   0.0 |      13 |       0 |   0.0
        D:6 |    1348 |     315 |  18.9 |      39 |      12 |  23.5
        D:7 |    1896 |    4351 |  69.6 |      25 |      19 |  43.2
        D:8 |    2573 |       0 |   0.0 |      39 |       0 |   0.0
        D:9 |    2658 |     844 |  24.1 |      32 |      10 |  23.8
       D:10 |    2822 |    1157 |  29.1 |      30 |      20 |  40.0
       D:11 |   10375 |     544 |   5.0 |      46 |       2 |   4.2
       D:12 |    4495 |    5172 |  53.5 |      25 |       8 |  24.2
       D:13 |    9084 |    2550 |  21.9 |      30 |       7 |  18.9
       D:14 |   15139 |    5448 |  26.5 |      38 |      17 |  30.9
       D:15 |   17967 |    2105 |  10.5 |      50 |       2 |   3.8
     Lair:1 |    3954 |    1478 |  27.2 |      16 |       7 |  30.4
     Lair:2 |    2080 |    5187 |  71.4 |       9 |      18 |  66.7
     Lair:3 |    5083 |     465 |   8.4 |      22 |       2 |   8.3
     Lair:4 |    5713 |    8190 |  58.9 |      20 |      26 |  56.5
     Lair:5 |    1347 |    1492 |  52.6 |       6 |      15 |  71.4
     Lair:6 |    5932 |   15886 |  72.8 |      14 |      38 |  73.1
    Swamp:1 |    8605 |    2928 |  25.4 |      25 |       3 |  10.7
    Swamp:2 |   18899 |       0 |   0.0 |      46 |       0 |   0.0
    Swamp:3 |    7965 |       0 |   0.0 |      18 |       0 |   0.0
    Swamp:4 |   20074 |   18212 |  47.6 |      45 |      29 |  39.2
    Snake:1 |   18528 |    1662 |   8.2 |      36 |       1 |   2.7
    Snake:2 |   24077 |    6354 |  20.9 |      37 |      11 |  22.9
    Snake:3 |   16566 |    7736 |  31.8 |      30 |       6 |  16.7
    Snake:4 |   18972 |   33593 |  63.9 |      38 |      60 |  61.2
      Orc:1 |    3734 |    2706 |  42.0 |      17 |       3 |  15.0
      Orc:2 |    7199 |    7653 |  51.5 |      50 |      24 |  32.4
   Vaults:1 |   28806 |   21439 |  42.7 |      67 |      35 |  34.3
   Vaults:2 |   10131 |   26264 |  72.2 |      19 |      45 |  70.3
   Vaults:3 |   35457 |   38380 |  52.0 |      69 |      51 |  42.5
   Vaults:4 |   29605 |   32604 |  52.4 |      45 |      31 |  40.8
   Vaults:5 |   17552 |   37950 |  68.4 |      44 |      49 |  52.7
   Depths:1 |   41830 |   28432 |  40.5 |      55 |      28 |  33.7
   Depths:2 |   33967 |   27045 |  44.3 |      39 |      36 |  48.0
   Depths:3 |   58671 |   37072 |  38.7 |      55 |      20 |  26.7
   Depths:4 |   18969 |   12678 |  40.1 |      30 |      14 |  31.8
   Depths:5 |   33658 |   25965 |  43.5 |      31 |      23 |  42.6
      Zot:1 |   55858 |    5334 |   8.7 |      34 |       2 |   5.6
      Zot:2 |   51139 |       0 |   0.0 |      25 |       0 |   0.0
      Zot:3 |   15281 |       0 |   0.0 |       9 |       0 |   0.0
      Zot:4 |    5428 |       0 |   0.0 |       2 |       0 |   0.0
      Zot:5 |   18132 |   50444 |  73.6 |      16 |      18 |  52.9
      IceCv |       0 |    6049 | 100.0 |       0 |      30 | 100.0
            +---------+---------+-------+---------+---------+-------
